General information
			
			
        
        - name: BNet
 
        - type: Ladder 1vs1/FFA
 
        - host: Battle.net
 
        - saver: b0lt
 
        
map: EchoIsles 
        - players: 2
 
        - length: 10:40
 
        - speed: Fast
 - version: 1.22 W3XP
 - replay type:  Public
 
» download(37 KB)
Players
        team 1 (winner) 
              
              
b0lt (
purple | 115 APM | 1222 actions | 10:40)
              
 3 Priestess of the Moon 
 2 Searing Arrows
 1 Trueshot Aura
 
                » actions 
                
                | Assign group hotkey | 32 |  | 
| Basic commands | 7 |  | 
| Build / train | 26 |  | 
| ESC pressed | 2 |  | 
| Enter build submenu | 18 |  | 
| Enter hero's abilities submenu | 3 |  | 
| Right click | 816 |  | 
| Select / deselect | 179 |  | 
| Select group hotkey | 104 |  | 
| Use ability | 35 |  | 
                1222 total
 » units 
                » buildings
                
                | Altar of Elders | 1 |  | 
| Moon Well | 5 |  | 
| Ancient of War | 3 |  | 
| Hunter's Hall | 1 |  | 
| Tree of Ages | 1 |  | 
| Ancient Protector | 5 |  | 
                16 total
 » build order
                00:06 Altar of Elders
00:20 Moon Well
01:38 Ancient of War
01:42 Hunter's Hall
02:01 Ancient of War
02:16 Moon Well
02:51 Moon Well
05:42 Moon Well
05:43 Moon Well
06:43 Tree of Ages
07:38 Ancient Protector
07:39 Ancient Protector
07:42 Ancient Protector
07:43 Ancient Protector
08:36 Ancient Protector
08:39 Ancient of War
 
               team 2 (loser) 
              
              
NERF]YOURDONE (
yellow | 61 APM | 651 actions | 10:38)
              
 2 Demon Hunter 
 1 Mana Burn
 1 Evasion
 
                » actions 
                
                | Build / train | 32 |  | 
| Enter build submenu | 12 |  | 
| Enter hero's abilities submenu | 2 |  | 
| Right click | 409 |  | 
| Select / deselect | 167 |  | 
| Use ability | 29 |  | 
                651 total
 » units 
                » upgrades
                » buildings
                
                | Altar of Elders | 1 |  | 
| Moon Well | 6 |  | 
| Ancient of War | 1 |  | 
| Hunter's Hall | 1 |  | 
| Tree of Ages | 1 |  | 
| Ancient Protector | 2 |  | 
| Tree of Eternity | 1 |  | 
| Ancient of Wind | 1 |  | 
                14 total
 » build order
                00:04 Altar of Elders
00:06 Moon Well
01:02 Ancient of War
01:36 Moon Well
02:10 Hunter's Hall
03:06 Tree of Ages
04:19 Moon Well
04:21 Moon Well
05:09 Ancient Protector
06:10 Tree of Eternity
06:52 Moon Well
07:38 Moon Well
07:44 Ancient Protector
07:49 Ancient of Wind
 
                Chat log
          
(01:41 / All) NERF]YOURDONE: yo
(01:43 / All) NERF]YOURDONE: wat up
(01:44 / All) b0lt: hey
(01:52 / All) NERF]YOURDONE: u any good 
(01:54 / All) b0lt: not really
(01:58 / All) NERF]YOURDONE: same :(
(02:07 / All) b0lt: just started up again after 2 years
(02:17 / All) NERF]YOURDONE: oh nice
(03:02 / All) NERF]YOURDONE: rolf stomp
(03:12 / All) NERF]YOURDONE: mass archer?
(03:22 / All) b0lt: lol i don't know any strats
(03:30 / All) NERF]YOURDONE: so mass archer?
(03:33 / All) b0lt: i guess
(03:38 / All) NERF]YOURDONE: lolz
(03:47 / All) NERF]YOURDONE: go to wcreplays
(03:59 / All) NERF]YOURDONE: itll teach u stats
(04:02 / All) NERF]YOURDONE: strats
(09:36 / All) NERF]YOURDONE: thast so gay.
(09:40 / All) NERF]YOURDONE: fucking nub wow.